 Dungeon Crawl Stone Soup version 0.31.0-32-g396128a36d (webtiles) character file.

Game seed: 12890414332640098403

29 Peloso the Covered (level 3, 0/33 HPs)
             Began as a Minotaur Fighter on Apr 1, 2024.
             Slain by a ribbon worm (7 damage)
             ... on level 2 of the Dungeon.
             The game lasted 00:02:06 (1060 turns).

Peloso the Covered (Minotaur Fighter)               Turns: 1060, Time: 00:02:09

Health: 0/33       AC:  8    Str: 20    XL:     3   Next: 1%
Magic:  2/2        EV:  9    Int:  5    God:
Gold:   71         SH:  4    Dex: 11    Spells: 2/2 levels left

rFire   . . .        a - +0 long sword
rCold   . . .        d - +0 buckler
rNeg    . . .        b - +0 scale mail
rPois   .            (helmet restricted)
rElec   .            c - +0 cloak
rCorr   .            (no gloves)
SInv    .            (no boots)
Will    .....        (no amulet) Stlth
                     (no ring)
HPRegen 0.25/turn    (no ring)
MPRegen 0.08/turn

%: no passive effects
@: no status effects
A: horns 2, retaliatory headbutt
a: no special abilities


You were on level 2 of the Dungeon.
You visited 1 branch of the dungeon, and saw 2 of its levels.

You collected 71 gold pieces.

Inventory:

Hand Weapons
 a - a +0 long sword (weapon)
 o - the +0 war axe "Ciaseps" {venom, ^Drain rElec rPois Str+5}
   (You found it on level 2 of the Dungeon)

   Str+5:     It affects your strength (+5).
   rElec:     It insulates you from electricity.
   rPois:     It protects you from poison ^Drain: It drains your maximum health
   when unequipped.
Armour
 b - a +0 scale mail (worn)
 c - a +0 cloak (worn)
 d - a +0 buckler (worn)
Talismans
 j - a maw talisman
Scrolls
 e - a scroll of identify {unknown}
 f - a scroll of teleportation {unknown}
 l - a scroll of silence {unknown}
 n - a scroll of vulnerability {unknown}
Potions
 g - a potion of magic {unknown}
 h - a potion of might
 i - a potion of ambrosia {unknown}
 k - a potion of invisibility {unknown}
 m - 2 potions of curing {unknown}


   Skills:
 + Level 4.1 Fighting
 + Level 2.5 Long Blades
 + Level 4.5 Armour
 + Level 3.7 Shields


You had 2 spell levels left.
You didn't know any spells.
Your spell library contained the following spells:

 Spells                   Type           Power      Damage    Failure   Level
 Gell's Gravitas          Tloc           0%         N/A       99%         3
 Teleport Other           Tloc           0%         N/A       99%         3
 Dispersal                Tloc           0%         N/A       100%        6


Dungeon Overview and Level Annotations

Branches:
Dungeon (2/15)

Altars:

Shops:
D:1 :

Annotations:
D:2 Sigmund


Innate Abilities, Weirdness & Mutations

You have a pair of horns on your head.
You reflexively headbutt those who attack you in melee.


Message History

The quokka twitches its whiskers.
A ribbon worm comes into view.
The quokka attacks as it pursues you! The quokka bites you.
Sigmund mumbles some strange words.
Sigmund flickers and vanishes!
Deactivating autopickup; reactivate with Ctrl-A.
The quokka bites you. The quokka attacks as it pursues you!
You block the quokka's attack. The quokka attacks as it pursues you!
The quokka misses you. You furiously retaliate!
You headbutt the quokka, but do no damage.
The ribbon worm bites you. The quokka attacks as it pursues you!
You block the quokka's attack.
The quokka bites you but does no damage.
The ribbon worm expels a string of sticky webbing.
The stream of webbing hits you but does no damage.
You are caught in a web!
There is a web here.
You struggle to detach yourself from the web.
The quokka bites you but does no damage.
A magic dart appears from out of thin air!
The magic dart hits you!
* * * LOW HITPOINT WARNING * * *
The web tears apart.
The quokka bites you but does no damage.
The quokka closely misses you. You furiously retaliate!
You headbutt the quokka, but do no damage.
The quokka closely misses you.
The ribbon worm expels a string of sticky webbing.
The stream of webbing hits you but does no damage.
You are caught in a web!
There is a web here.
The web tears apart.
The quokka barely misses you. The quokka attacks as it pursues you!
The quokka bites you.
* * * LOW HITPOINT WARNING * * *
Something hits you.
* * * LOW HITPOINT WARNING * * *
The ribbon worm attacks as it pursues you!
The ribbon worm bites you!
You die...

#...?.........!#+...
#..............+ ...
#..............# ...
#..............# ...
##..............# ..
#...............# .
#...............#
#..wr############
#...@# #...........
####........
#........ #........
#........ #........
#........


You could see a ribbon worm and a quokka.

Vanquished Creatures
  A dart slug (D:1)
  5 ball pythons (D:1)
  7 endoplasms
  2 hobgoblins (D:1)
  3 kobolds (D:1)
  2 quokkas (D:1)
  2 bats (D:1)
  3 frilled lizards (D:1)
25 creatures vanquished.

Notes
Turn   | Place    | Note
-------+----------+-------------------------------------------
     0 | D:1      | Peloso the Minotaur Fighter began the quest for the Orb.
     0 | D:1      | Reached XP level 1. HP: 19/19 MP: 0/0
   163 | D:1      | Reached XP level 2. HP: 20/27 MP: 1/1
   231 | D:1      | Found Nunles's Book Emporium.
  1026 | D:2      | Reached XP level 3. HP: 33/33 MP: 2/2
  1036 | D:2      | Noticed Sigmund
  1039 | D:2      | Identified the +0 war axe "Ciaseps" {venom, ^Drain rElec
                  | rPois Str+5}
  1060 | D:2      | Slain by a ribbon worm

Illustrated notes

Levels and vault maps discovered:
D:1:      spicycebolla_arrival_risky_transporter, layout_basic, serial_shops,
          shop, grunt_decor_arrowhead
D:2:      layout_basic, uniq_sigmund, uniq_terence

Skill      XL: |  1  2 |
---------------+-------+-----
Armour         | 4 |  4.5
Fighting       | 4 |  4.1
Long Blades    | |  2.5
Shields        | |  3.7

Action                     || total
---------------------------++-------
  Melee: Long sword        ||    64
         Headbutt          ||     7
 Armour: Scale mail        ||    68
  Dodge: Dodged            ||    37
  Block: Buckler           ||    16
